 Dungeon Crawl Stone Soup version 0.29.1-2-gbd0b4ee654 (webtiles) character file.

Game seed: 10328771924685889696

88 qeuew the Shooter (level 4, 0/23 HPs)
             Began as a Spriggan Hunter on Nov 3, 2022.
             Slain by a goblin
             ... wielding a +0 dagger
             ... led by Robin
              (3 damage)
             ... on level 2 of the Dungeon.
             The game lasted 00:02:48 (1758 turns).

qeuew the Shooter (Spriggan Hunter)                 Turns: 1758, Time: 00:02:49

Health: 0/23       AC:  2    Str:  7    XL:     4   Next: 29%
Magic:  5/5        EV: 18    Int: 10    God:
Gold:   54         SH:  0    Dex: 20    Spells: 3/3 levels left

rFire   . . .      SeeInvis +   a - +0 shortbow
rCold   . . .      Faith    .   (shield currently unavailable)
rNeg    . . .      Spirit   .   c - +0 robe
rPois   .          Reflect  .   (helmet restricted)
rElec   .          Harm     .   (no cloak)
rCorr   .          Rampage  .   (gloves unavailable)
Will    .....                   (boots unavailable)
Stlth   +++.......              (no amulet)
HPRegen 0.07/turn               (no ring)
MPRegen 0.09/turn               (no ring)

@: very quick
A: very small, no large weapons, unfitting armour, see invisible, speed 3
a: no special abilities


You were on level 2 of the Dungeon.
You visited 1 branch of the dungeon, and saw 2 of its levels.

You collected 54 gold pieces.

Inventory:

Hand Weapons
 a - a +0 shortbow (weapon)
 e - a +0 dagger
Armour
 c - a +0 robe (worn)
Scrolls
 b - a scroll of amnesia {unknown}
 d - a scroll of teleportation
 f - a scroll of enchant armour {unknown}


   Skills:
 + Level 1.8 Fighting
 * Level 1.7 Short Blades
 * Level 4.8 Ranged Weapons
 + Level 3.4 Dodging
 + Level 2.9 Stealth


You had 3 spell levels left.
You didn't know any spells.
Your spell library contained the following spells:

 Spells                   Type           Power      Damage    Failure   Level
 Necrotise                Necr           0%         1d4       36%         1
 Vampiric Draining        Necr           0%         2d6       75%         3
 Agony                    Necr           0%         N/A       100%        5


Dungeon Overview and Level Annotations

Branches:
Dungeon (2/15)

Altars:


Innate Abilities, Weirdness & Mutations

You are very small and have problems with some larger weapons.
You are too small for most types of armour.
You have supernaturally acute eyesight. (SInv)
You cover ground extremely quickly. (Speed+++)


Message History

Press: ? - help, Q - select action Shift-Dir - straight line, f/p - Robin
Aim: Robin, wielding a +0 spear, wearing a +0 animal skin, wearing a +0 helmet and carrying a wand of flame (7) (severely wounded, 71% to hit)
You shoot an arrow. The arrow barely misses Robin.
The arrow hits the hobgoblin!
You kill the hobgoblin!
Robin throws the goblin at you!
Fire: a) +0 shortbow
Press: ? - help, Q - select action Shift-Dir - straight line, f/p - Robin
Aim: Robin, wielding a +0 spear, wearing a +0 animal skin, wearing a +0 helmet and carrying a wand of flame (7) (severely wounded, 71% to hit)
You shoot an arrow. The arrow hits Robin!
You kill Robin!
The goblin completely misses you. The hobgoblin completely misses you.
The goblin misses you.
Items here: ) / [[.
You see here 4 gold pieces.
Fire: a) +0 shortbow
Press: ? - help, Q - select action Shift-Dir - straight line, f - hobgoblin
Aim: a hobgoblin (strong, 64% to hit)
You shoot an arrow. The arrow barely misses the hobgoblin.
The hobgoblin no longer looks unusually strong.
The goblin no longer looks unusually strong.
Fire: a) +0 shortbow
Press: ? - help, Q - select action Shift-Dir - straight line, f/p - hobgoblin
Aim: a hobgoblin (64% to hit)
You shoot an arrow. The arrow hits the hobgoblin.
The hobgoblin is almost dead.
Fire: a) +0 shortbow
Press: ? - help, Q - select action Shift-Dir - straight line, f/p - hobgoblin
Aim: a hobgoblin (almost dead, 64% to hit)
You shoot an arrow. The arrow closely misses the hobgoblin.
The goblin no longer looks unusually strong.
The goblin hits you with a +0 dagger.
* * * LOW HITPOINT WARNING * * *
Fire: a) +0 shortbow
Press: ? - help, Q - select action Shift-Dir - straight line, f/p - hobgoblin
Aim: a hobgoblin (almost dead, 64% to hit)
You shoot an arrow. The arrow closely misses the hobgoblin.
The goblin barely misses you. The hobgoblin closely misses you.
The goblin barely misses you. The goblin hits you with a +0 dagger.
You die...

####### ##.....##
##.>.....##
#.........# ##
#.@g......###. .
#.gg......#.. .#
#.........#.# †#
#....$....#)#.#
##.......:.).)#
#......).....#..[#
#.........##.## .
##.........##..##
................#
#


You could see a hobgoblin and 2 goblins.

Vanquished Creatures
  Robin (D:2)
  A worm (D:2)
  A dart slug (D:2)
  3 orcs (D:2)
  5 ball pythons
  5 bats
  4 endoplasms
  3 giant cockroaches (D:1)
  8 goblins
  8 hobgoblins
  4 jackals (D:2)
  4 quokkas
  A frilled lizard (D:2)
  9 kobolds
  3 rats
60 creatures vanquished.

Notes
Turn   | Place    | Note
-------+----------+-------------------------------------------
     0 | D:1      | qeuew the Spriggan Hunter began the quest for the Orb.
     0 | D:1      | Reached XP level 1. HP: 10/10 MP: 2/2
   127 | D:1      | Reached XP level 2. HP: 14/14 MP: 3/3
   783 | D:1      | Reached XP level 3. HP: 18/18 MP: 4/4
  1060 | D:2      | Reached skill level 1 in Short Blades
  1100 | D:2      | Found a faded altar of an unknown god.
  1685 | D:2      | Reached XP level 4. HP: 23/23 MP: 5/5
  1718 | D:2      | Noticed Robin
  1747 | D:2      | Killed Robin
  1758 | D:2      | Slain by a goblin

Illustrated notes

Levels and vault maps discovered:
D:1:      minmay_arrival_glassed_features, layout_basic
D:2:      layout_rooms, nicolae_ecumenical_lake_church, minmay_heptomino_w4,
          uniq_robin

Skill      XL: |  1  2  3 |
---------------+----------+-----
Dodging        | 3 |  3.4
Stealth        | 2 |  2.9
Short Blades   | 1 |  1.7
Fighting       | |  1.8
Ranged Weapons | |  4.8

Action                   |  1- 3 |  4- 6 || total
-------------------------+-------+-------++-------
 Fire: Shortbow          |   140 |    23 ||   163
  Use: Potion            |     2 |       ||     2
       Scroll            |     1 |     1 ||     2
Armor: Robe              |     6 |     3 ||     9
Dodge: Dodged            |    54 |    22 ||    76
